Arena
510568719Analyzed1v1 RM
·
1d ago on Oct 1, 2026·
50m 42s·
2 players
Game mode
Random Map
Map size
Tiny (2 player)
Population
200
Speed
Normal
Resources
Standard
Victory
Conquest
Starting age
Dark Age
Ending age
Imperial Age
RankedLock teamsTeams togetherTeam positionsShared explorationLock speedFull tech treeHidden civsTurbo modeCheats
Victory
Defeat
Replay analysis
soyedusrdo1983
4:01
Loom
12:15
Feudal Age
14:18
Double-Bit Axe
19:10
Castle Age
17:56
Scale Barding Armor
17:52
Scale Mail Armor
18:38
Stone Mining
20:27
Wheelbarrow
33:41
Imperial Age
31:31
Hand Cart
31:58
Husbandry
33:28
Bloodlines
35:31
Chemistry
35:02
Cavalier
48:49
Chain Mail Armor
48:49
Masonry
hungryvillager
0:37
Loom
14:27
Feudal Age
19:02
Castle Age
16:50
Double-Bit Axe
21:07
Scale Barding Armor
22:46
Husbandry
22:10
Light Cavalry
23:30
Chain Barding Armor
31:28
Fletching
37:18
Imperial Age
35:06
Bow Saw
34:58
Horse Collar
39:45
Chemistry
40:04
Conscription
39:45
Gold Mining
41:38
Hoardings
42:27
Logistica
42:07
Heavy Camel Rider
44:48
Elite Cataphract
46:02
Ballistics
47:06
Plate Barding Armor